[Event "Titled Tuesday Blitz November 30 2021"]
[White "Deac, Bogdan-Daniel"]
[Black "Garcia Garcia, Alejandro"]
[WhiteFideId "1226380"]
[BlackFideId "3516334"]
[WhiteElo "2605"]
[BlackElo "2131"]
[Result "1-0"]
[Round "02"]
[TimeControl "180+1"]
[Date "2021.11.30"]
[WhiteClock "0:00:05"]
[BlackClock "0:01:08"]

1. e4 c5 2. Nf3 e6 3. g3 d5 4. Nc3 Nf6 5. exd5 Nxd5 6. Bg2 Nc6 7. O-O Nxc3 8. bxc3 Be7 9. d4 O-O 10. Be3 cxd4 11. cxd4 Bf6 12. Rb1 Na5 13. Ne5 Rb8 14. Bf4 b6 15. Nxf7 Rxf7 16. Bxb8 Ba6 17. Be5 Bxf1 18. Qxf1 Bxe5 19. dxe5 Qd2 20. Bh3 Re7 21. Qd1 Qc3 22. Qd6 Kf7 23. Rb4 g5 24. Bg4 Nc6 25. Re4 Qc5 26. Bh5+ Kf8 27. Qxc5 bxc5 28. Rc4 Nxe5 29. Rxc5 Nf7 30. Bxf7 Kxf7 31. Rxg5 Rc7 32. Ra5 Rxc2 33. Rxa7+ Kg6 34. Ra5 h5 35. h4 Re2 36. Kf1 Rb2 37. a4 Ra2 38. Rg5+ Kh6 39. a5 Rb2 40. Re5 Ra2 41. Rxe6+ Kg7 42. Re5 Kg6 43. Rg5+ Kh6 44. Kg2 Ra3 45. Rb5 Kg6 46. Rb6+ Kf5 47. Rh6 Ke4 48. Rxh5 Kd3 49. Re5 Ra4 50. Re3+ Kd2 51. h5 1-0


[Site "https://www.chess.com"]

[Event "Titled Tuesday Blitz November 30 2021"]
[White "Durarbayli, Vasif"]
[Black "Bazarov, Konstantin"]
[WhiteFideId "13402935"]
[BlackFideId "4137000"]
[WhiteElo "2522"]
[BlackElo "2079"]
[Result "1-0"]
[Round "02"]
[TimeControl "180+1"]
[Date "2021.11.30"]
[WhiteClock "0:00:09"]
[BlackClock "0:00:12"]

1. e4 c6 2. d4 d5 3. exd5 cxd5 4. c4 Nf6 5. Nc3 e6 6. Nf3 Be7 7. cxd5 Nxd5 8. Bd3 Nc6 9. O-O O-O 10. Re1 Ncb4 11. Bb1 b6 12. Ne5 Bb7 13. a3 Nxc3 14. bxc3 Nd5 15. Qd3 g6 16. Bh6 Re8 17. Qf3 Bf6 18. Ng4 Bg5 19. c4 f5 20. Bxg5 Qxg5 21. Ne5 Qd2 22. Rd1 Qc3 23. cxd5 Qxa1 24. Bxf5 Bxd5 25. Bxe6+ Rxe6 26. Qf7+ Kh8 27. Rxa1 Rd6 28. Qf4 Rad8 29. h4 Bg8 30. Re1 Kg7 31. Nf3 Rf6 32. Re7+ Bf7 33. Qe5 Rd6 34. Ng5 h6 35. Rxf7+ 1-0


[Site "https://www.chess.com"]

[Event "Titled Tuesday Blitz November 30 2021"]
[White "Golubev, Mikhail"]
[Black "Vokhidov, Shamsiddin"]
[WhiteFideId "14100983"]
[BlackFideId "14204223"]
[WhiteElo "2374"]
[BlackElo "2616"]
[Result "1-0"]
[Round "02"]
[TimeControl "180+1"]
[Date "2021.11.30"]
[WhiteClock "0:01:29"]
[BlackClock "0:01:45"]

1. e4 c5 2. Nf3 d6 3. d4 cxd4 4. Nxd4 Nf6 5. Nc3 Nc6 6. Bc4 e6 7. Be3 Be7 8. Qe2 a6 9. O-O-O Na5 10. e5 Nxc4 11. exf6 gxf6 12. Qxc4 Bd7 13. Rhe1 b5 14. Qd3 b4 15. Ne4 d5 16. Ng3 Qa5 17. Kb1 Rc8 18. Bh6 Bf8 19. Bxf8 Kxf8 20. Qf3 f5 21. Qf4 h6 22. Qd6+ Ke8 23. Ngxf5 Kd8 24. Rxe6 Qc5 25. Qxc5 Rxc5 26. Rxa6 Re8 27. Nd6 Re7 28. Nb7+ 1-0


[Site "https://www.chess.com"]

[Event "Titled Tuesday Blitz November 30 2021"]
[White "Hjartarson, Johann"]
[Black "Andreikin, Dmitry"]
[WhiteFideId "2300044"]
[BlackFideId "4158814"]
[WhiteElo "2502"]
[BlackElo "2736"]
[Result "0-1"]
[Round "02"]
[TimeControl "180+1"]
[Date "2021.11.30"]
[WhiteClock "0:01:15"]
[BlackClock "0:01:53"]

1. c4 e5 2. g3 g6 3. Bg2 Bg7 4. Nc3 Ne7 5. e4 O-O 6. Nge2 d6 7. O-O Be6 8. d3 c6 9. b3 a6 10. Be3 b5 11. Qd2 Nd7 12. Rac1 Rc8 13. f4 f5 14. h3 Kh8 15. Kh2 Nf6 16. fxe5 dxe5 17. Bc5 Nfg8 18. Rcd1 Qc7 19. Qe3 f4 20. Qg1 g5 21. Bf3 Rf6 22. Qg2 Rh6 23. g4 Ng6 24. Qf2 Nf6 25. Kg1 Rxh3 26. Bb6 0-1


[Site "https://www.chess.com"]

[Event "Titled Tuesday Blitz November 30 2021"]
[White "Hnydiuk, Aleksander"]
[Black "Yilmaz, Mustafa"]
[WhiteFideId "1109057"]
[BlackFideId "6302718"]
[WhiteElo "2374"]
[BlackElo "2518"]
[Result "1/2-1/2"]
[Round "02"]
[TimeControl "180+1"]
[Date "2021.11.30"]
[WhiteClock "0:00:04"]
[BlackClock "0:00:04"]

1. e4 e5 2. Nf3 Nc6 3. d4 exd4 4. Nxd4 Bc5 5. Nxc6 Qf6 6. Qf3 bxc6 7. Nc3 d6 8. Be3 Qxf3 9. gxf3 Bxe3 10. fxe3 Ne7 11. Rg1 g6 12. O-O-O Be6 13. f4 f5 14. h4 O-O-O 15. Bh3 Bd7 16. h5 gxh5 17. Rg7 Rde8 18. exf5 Bxf5 19. Rh1 Bxh3 20. Rxh3 Nf5 21. Rg5 Nxe3 22. Rgxh5 Rhg8 23. b3 Rg2 24. Rh2 Rxh2 25. Rxh2 Re7 26. Rh5 Rf7 27. Kd2 Nf5 28. Ne4 h6 29. Kd3 c5 30. Nf2 Ng3 31. Rh3 Rxf4 32. Ke3 Rxf2 33. Kxf2 Nf5 34. Rh5 Nd4 35. c3 Nb5 36. Rh3 a5 37. a4 Na7 38. Rxh6 Nc6 39. Ke3 Kb7 40. Ke4 Kb6 41. Kd5 Ne7+ 42. Kc4 Nc6 43. Rh8 Ne5+ 44. Kd5 Kb7 45. Rg8 Nd7 46. Rg3 Nf6+ 47. Ke6 Ne4 48. Re3 Nd2 49. c4 Kc6 50. Kf5 d5 51. Re6+ Kd7 52. cxd5 Nxb3 53. Ra6 c4 54. Ke5 c5 55. dxc6+ Kc7 56. Kd5 c3 57. Ra7+ Kc8 58. Ra8+ Kc7 59. Ra7+ Kc8 60. Ra8+ Kc7 61. Ra7+ 1/2-1/2


[Site "https://www.chess.com"]

[Event "Titled Tuesday Blitz November 30 2021"]
[White "Ianov, Viktor"]
[Black "Drygalov, Sergey"]
[WhiteFideId "14102730"]
[BlackFideId "24171743"]
[WhiteElo "2307"]
[BlackElo "2514"]
[Result "0-1"]
[Round "02"]
[TimeControl "180+1"]
[Date "2021.11.30"]
[WhiteClock "0:00:22"]
[BlackClock "0:00:22"]

1. Nf3 d5 2. g3 Nf6 3. Bg2 g6 4. b3 Bg7 5. Bb2 c5 6. c4 d4 7. e3 Nc6 8. exd4 cxd4 9. O-O O-O 10. Re1 Nd7 11. d3 Nc5 12. Ba3 Qb6 13. Qc2 Bf5 14. Bxc5 Qxc5 15. a3 a5 16. Nbd2 e5 17. Ne4 Qe7 18. c5 Bxe4 19. Rxe4 Rfd8 20. Qc4 h6 21. Nh4 Kh7 22. Ree1 Rac8 23. b4 f5 24. Nf3 e4 25. Nd2 Ne5 26. Qb5 e3 27. Nf1 exf2+ 28. Kxf2 f4 29. Nd2 fxg3+ 30. hxg3 Ng4+ 31. Kg1 Ne3 32. Nf1 Rc7 33. Ra2 Qg5 34. Qxa5 Rf7 35. Rf2 Rdf8 36. Rxf7 Rxf7 37. b5 Be5 38. Qd2 Bxg3 39. Nxg3 Qxg3 40. Rc1 h5 41. c6 bxc6 42. bxc6 h4 43. Kh1 Rf2 44. Qxf2 Qxf2 45. Be4 Ng4 46. Bg2 h3 0-1


[Site "https://www.chess.com"]

[Event "Titled Tuesday Blitz November 30 2021"]
[White "Ibarra Jerez, Jose Carlos"]
[Black "Poormosavi, Seyed Kian"]
[WhiteFideId "2226332"]
[BlackFideId "12585807"]
[WhiteElo "2626"]
[BlackElo "2134"]
[Result "1-0"]
[Round "02"]
[TimeControl "180+1"]
[Date "2021.11.30"]
[WhiteClock "0:00:08"]
[BlackClock "0:00:44"]

1. e4 e5 2. Nf3 Nc6 3. Bb5 Nf6 4. O-O a6 5. Bxc6 dxc6 6. Nxe5 Bc5 7. c3 O-O 8. d4 Ba7 9. Qf3 c5 10. d5 c6 11. dxc6 Bb8 12. Bf4 Qe7 13. Nc4 Bg4 14. Qg3 Qxe4 15. Bxb8 Qxc4 16. Be5 Nh5 17. Qh4 bxc6 18. Nd2 Qe6 19. Rfe1 Qg6 20. h3 Be6 21. g4 f6 22. Bd6 Rfe8 23. Qxh5 Qd3 24. Ne4 Qf3 25. Re3 Bf7 26. Qxf7+ Kxf7 27. Rxf3 Rxe4 28. Bxc5 Rd8 29. Bd4 Rd5 30. b4 a5 31. a3 h5 32. Kg2 hxg4 33. hxg4 Rxg4+ 34. Rg3 Re4 35. Rh1 axb4 36. axb4 Rd7 37. Rh7 Ke6 38. Rhxg7 Rf4 39. Rxd7 Kxd7 40. Rf3 Rg4+ 41. Kh3 Rg1 42. Rxf6 Kc7 43. Bc5 Kd7 44. Rd6+ Kc7 45. f4 Rf1 46. Kg4 Re1 47. Kf5 Re2 48. Re6 Rg2 49. Re7+ Kc8 50. Bd4 Rh2 51. Be5 Kd8 52. Rc7 Rh5+ 53. Ke6 Rh6+ 54. Kf5 Rh5+ 55. Ke4 Rxe5+ 56. Kxe5 Kxc7 57. f5 Kb6 58. f6 Kb5 59. f7 Kc4 60. f8=Q Kxc3 61. Qc5+ Kb3 62. Kd4 Ka4 63. Kc3 Ka3 64. Qa5# 1-0


[Site "https://www.chess.com"]

[Event "Titled Tuesday Blitz November 30 2021"]
[White "Injac, Teodora"]
[Black "Demchenko, Anton"]
[WhiteFideId "932400"]
[BlackFideId "4160258"]
[WhiteElo "2320"]
[BlackElo "2583"]
[Result "0-1"]
[Round "02"]
[TimeControl "180+1"]
[Date "2021.11.30"]
[WhiteClock "0:00:03"]
[BlackClock "0:00:02"]

1. Nf3 Nf6 2. g3 b5 3. Bg2 Bb7 4. O-O e6 5. d3 c5 6. e4 d6 7. a4 b4 8. Nbd2 Be7 9. a5 O-O 10. Nc4 Nbd7 11. Re1 Rc8 12. Bf4 e5 13. Bg5 Ne8 14. Bd2 Nc7 15. c3 bxc3 16. bxc3 Ba6 17. Qc2 Re8 18. Bh3 Rb8 19. Reb1 Bb5 20. Ne3 g6 21. c4 Bc6 22. Nd5 Rxb1+ 23. Rxb1 Nf8 24. Bc3 Nfe6 25. Qd2 Bf8 26. Bg2 Bg7 27. h4 h5 28. Qa2 Na6 29. Qd2 Qd7 30. Bh3 Qd8 31. Bg2 Kh7 32. Bh3 Bh6 33. Qb2 Rf8 34. Nxe5 dxe5 35. Bxe5 Bxd5 36. cxd5 Nd4 37. Bxd4 cxd4 38. Qxd4 Qxa5 39. Qxa7 Qa2 40. Rb7 Kg8 41. Rb6 Nb4 42. Qxa2 Nxa2 43. e5 Rd8 44. d6 Nc3 45. Rc6 Ne2+ 46. Kg2 Bg7 47. Rc7 Bxe5 48. Re7 Bxd6 49. Rxe2 Bf8 50. Re3 Bc5 51. Rf3 Kg7 52. g4 hxg4 53. Bxg4 Rd4 54. Rg3 Bd6 0-1


[Site "https://www.chess.com"]

[Event "Titled Tuesday Blitz November 30 2021"]
[White "Kim, Sergey"]
[Black "Sanal, Vahap"]
[WhiteFideId "13700570"]
[BlackFideId "6300545"]
[WhiteElo "2604"]
[BlackElo "2499"]
[Result "0-1"]
[Round "02"]
[TimeControl "180+1"]
[Date "2021.11.30"]
[WhiteClock "0:00:06"]
[BlackClock "0:00:53"]

1. d4 Nf6 2. c4 e6 3. Nc3 Bb4 4. Qc2 d5 5. a3 Bxc3+ 6. Qxc3 O-O 7. Nf3 dxc4 8. Qxc4 b6 9. Bg5 Ba6 10. Qc2 c5 11. Rd1 Nbd7 12. e4 Bxf1 13. Kxf1 Qc8 14. e5 Nd5 15. Qe2 Qc7 16. h3 c4 17. Kg1 b5 18. Bh4 h6 19. Bg3 a5 20. Kh2 b4 21. Rc1 c3 22. bxc3 bxc3 23. Nd2 Qb6 24. Ne4 Qxd4 25. Rhd1 Qb6 26. Nxc3 Nxc3 27. Rxc3 Qb7 28. Bf4 Rfc8 29. Qc2 Nb6 30. Rb1 Rxc3 31. Qxc3 Qe4 32. Rxb6 Qxf4+ 33. Qg3 Qe4 34. Qf3 Qxf3 35. gxf3 Rd8 36. Ra6 Rd5 37. f4 Kh7 38. Kg3 Rd3+ 39. Kg4 Rxa3 40. h4 Ra1 41. h5 a4 42. Ra7 a3 43. Kf3 Rh1 44. Kg2 Rxh5 45. Rxa3 Rf5 46. Kg3 g5 47. fxg5 Rxg5+ 48. Kf4 Rf5+ 49. Ke4 Rxf2 50. Rh3 Rf5 51. Rg3 h5 52. Rg1 Kh6 53. Rg8 h4 54. Rh8+ Kg5 55. Rg8+ Kh5 56. Rg7 h3 57. Rg8 Kh4 58. Rg7 h2 59. Rh7+ Kg3 0-1


[Site "https://www.chess.com"]

[Event "Titled Tuesday Blitz November 30 2021"]
[White "Klabis, Rokas"]
[Black "Galchenko, Matvey"]
[WhiteFideId "12805246"]
[BlackFideId "24175480"]
[WhiteElo "2255"]
[BlackElo "2453"]
[Result "1-0"]
[Round "02"]
[TimeControl "180+1"]
[Date "2021.11.30"]
[WhiteClock "0:00:12"]
[BlackClock "0:00:09"]

1. e4 e6 2. d3 d5 3. Nd2 Nf6 4. Ngf3 c5 5. g3 Nc6 6. Bg2 Be7 7. O-O O-O 8. Re1 Qc7 9. e5 Nd7 10. Qe2 b5 11. h4 Bb7 12. Nf1 Rfc8 13. Bf4 Qd8 14. N1h2 a5 15. c3 b4 16. a3 bxc3 17. bxc3 a4 18. Ng5 h6 19. Qh5 hxg5 20. hxg5 Nf8 21. Ng4 Ng6 22. Bf3 d4 23. Kg2 Na5 24. Rh1 Bxf3+ 25. Kxf3 Qd5+ 26. Ke2 Bd8 27. Nf6+ gxf6 28. Qh7+ Kf8 29. gxf6 Bxf6 30. exf6 Ke8 31. Qg8+ Nf8 32. Rh8 Kd7 33. Qxf7+ Kc6 34. c4 Qd7 35. Qh5 e5 36. Bxe5 Re8 37. f4 Nb3 38. Rh1 Kb6 39. Rg8 Ne6 40. f7 Rxg8 41. fxg8=Q Rxg8 42. f5 Ng5 43. Qh6+ Ka7 44. Bf4 Re8+ 45. Kd1 Nf3 46. Qh7 Re7 47. Qh5 Qb7 48. f6 Rf7 49. Rf1 Rxf6 50. Qxf3 Na5 51. Qxb7+ Nxb7 52. g4 Nd6 53. g5 Rg6 54. Ke2 Nf5 55. Bd2 Ne7 56. Rf6 Rg8 57. Rf7 Re8 58. Kf3 Kb6 59. Kg4 Kc6 60. Bf4 Kd7 61. g6 Ke6 62. Kh5 Rh8+ 63. Rh7 Rg8 64. g7 Nf5 65. Kg6 Ne7+ 66. Kh6 Nf5+ 67. Kg5 Nxg7 68. Kh4 Nf5+ 69. Kh3 Rg1 70. Rc7 Rh1+ 71. Kg2 Rd1 72. Rxc5 Rxd3 73. Re5+ Kf6 74. Ra5 Rxa3 75. c5 d3 76. c6 Ne7 77. c7 Ke6 78. Re5+ Kf6 79. Rxe7 Ra2+ 80. Kf3 Rc2 81. Re8 d2 82. Rd8 a3 83. Rxd2 a2 84. Rxc2 a1=Q 85. c8=Q Qd1+ 86. Ke4 Qh1+ 87. Kd4 Qg1+ 88. Be3 Qa1+ 89. Kd3 Qf1+ 90. Re2 Qd1+ 91. Bd2 Qb1+ 92. Qc2 Qb5+ 93. Qc4 Qb1+ 94. Ke3 1-0


[Site "https://www.chess.com"]

[Event "Titled Tuesday Blitz November 30 2021"]
[White "Kobalia, Mikhail"]
[Black "Sargsyan, Anna M."]
[WhiteFideId "4119150"]
[BlackFideId "13308130"]
[WhiteElo "2543"]
[BlackElo "2271"]
[Result "1-0"]
[Round "02"]
[TimeControl "180+1"]
[Date "2021.11.30"]
[WhiteClock "0:00:07"]
[BlackClock "0:00:06"]

1. e4 c6 2. Nf3 d5 3. exd5 cxd5 4. Ne5 Nf6 5. d4 Qc7 6. Bf4 Qb6 7. Nc3 Nc6 8. Bb5 h6 9. O-O Bf5 10. a4 a5 11. Ne2 e6 12. c4 dxc4 13. Rc1 Bb4 14. Rxc4 Rc8 15. Ng3 Bh7 16. Qf3 O-O 17. Bxc6 bxc6 18. Bxh6 Be7 19. Bg5 Qxb2 20. Nh5 Nd5 21. Qg3 Bg6 22. Nxg6 fxg6 23. Bxe7 Nxe7 24. Nf4 Rf6 25. Qg4 Qa2 26. Rfc1 Rcf8 27. g3 Nd5 28. R4c2 Qxa4 29. Nxe6 Re8 30. Nc5 Qb4 31. Re2 Rxe2 32. Qxe2 Qxd4 33. Kg2 a4 34. Rc4 Qa1 35. Rxa4 Qb1 36. Ra8+ Kh7 37. Qe8 Kh6 38. Qh8+ Kg5 39. Qh4+ Kf5 40. g4+ Ke5 41. Nd7+ Kd4 42. Nxf6 Nxf6 43. Qg3 Qe4+ 44. Qf3 Qxg4+ 45. Qxg4+ Nxg4 46. Ra4+ Ke5 47. Rxg4 c5 48. Rc4 Kd5 49. Rc1 Kd4 50. Kg3 c4 51. Kg4 Kd3 52. Kg5 c3 53. Rxc3+ Kxc3 54. Kxg6 Kd2 55. Kxg7 Ke2 56. h4 Kxf2 57. h5 1-0


[Site "https://www.chess.com"]

[Event "Titled Tuesday Blitz November 30 2021"]
[White "Manafov, Vugar"]
[Black "Macovei, Andrei"]
[WhiteFideId "13410814"]
[BlackFideId "13904680"]
[WhiteElo "2277"]
[BlackElo "2389"]
[Result "1-0"]
[Round "02"]
[TimeControl "180+1"]
[Date "2021.11.30"]
[WhiteClock "0:01:42"]
[BlackClock "0:00:01"]

1. d4 Nf6 2. c4 e6 3. Nf3 c5 4. d5 exd5 5. cxd5 d6 6. Nc3 g6 7. Bf4 Bg7 8. Qa4+ Bd7 9. Qb3 b5 10. Bxd6 Qb6 11. Be5 c4 12. Qd1 O-O 13. e3 b4 14. Nb1 Bb5 15. Nbd2 Nbd7 16. Bd4 Qa6 17. a4 bxa3 18. Rxa3 Qb7 19. Nxc4 Qxd5 20. Ra5 a6 21. Na3 Rfb8 22. Bd3 Qc6 23. Nxb5 axb5 24. Rxa8 Rxa8 25. O-O Rb8 26. h3 Qe6 27. Bc2 Ne8 28. Bb3 Qe7 29. Bxg7 Nxg7 30. Ng5 Ne6 31. Nxe6 fxe6 32. Qg4 Nc5 33. Ba2 Kg7 34. Rd1 e5 35. h4 Rd8 36. Rc1 Rc8 1-0


[Site "https://www.chess.com"]

[Event "Titled Tuesday Blitz November 30 2021"]
[White "Manukyan, Artyom"]
[Black "Belous, Vladimir"]
[WhiteFideId "13305786"]
[BlackFideId "4174003"]
[WhiteElo "2034"]
[BlackElo "2510"]
[Result "1-0"]
[Round "02"]
[TimeControl "180+1"]
[Date "2021.11.30"]
[WhiteClock "0:00:05"]
[BlackClock "0:00:09"]

1. e4 c5 2. Nc3 Nc6 3. Bb5 Nd4 4. Nf3 g6 5. O-O Bg7 6. Nxd4 cxd4 7. Ne2 Nf6 8. d3 O-O 9. Bc4 d5 10. exd5 Nxd5 11. Nf4 Nb6 12. Bb3 e5 13. Ne2 Qe7 14. f4 e4 15. dxe4 Qxe4 16. Ng3 Qc6 17. f5 Bd7 18. Bg5 h6 19. Be7 Rfe8 20. f6 Be6 21. Qd2 Bxb3 22. axb3 Rxe7 23. fxe7 Nd5 24. Qa5 Re8 25. Qa4 Rxe7 26. Qxc6 bxc6 27. Rfe1 Ne3 28. Rac1 f5 29. Nf1 f4 30. Nxe3 fxe3 31. Ra1 c5 32. Ra6 Kh7 33. Rc6 Re5 34. Rc7 a5 35. Rf1 g5 36. g4 h5 37. h3 hxg4 38. hxg4 Re4 39. Kg2 Rxg4+ 40. Kf3 Rf4+ 41. Ke2 Kg6 42. Rxf4 gxf4 43. Rxc5 Kf6 44. Rxa5 Ke6 45. Kf3 Be5 46. b4 Bd6 47. b5 Kd5 48. Ra6 Bc5 49. Rc6 Bd6 50. b3 Bc5 51. Rc8 Bb6 52. Rc6 Bc5 53. Rf6 Bd6 54. b6 Be5 55. Rf5 1-0


[Site "https://www.chess.com"]

[Event "Titled Tuesday Blitz November 30 2021"]
[White "Nakamura, Hikaru"]
[Black "Arabidze, Meri"]
[WhiteFideId "2016192"]
[BlackFideId "13604040"]
[WhiteElo "2884"]
[BlackElo "2432"]
[Result "1-0"]
[Round "02"]
[TimeControl "180+1"]
[Date "2021.11.30"]
[WhiteClock "0:01:30"]
[BlackClock "0:00:02"]

1. Nf3 Nf6 2. b3 d5 3. e3 g6 4. Bb2 Bg7 5. c4 c6 6. d4 O-O 7. Bd3 Bg4 8. Nbd2 a5 9. h3 Bxf3 10. Nxf3 a4 11. O-O e6 12. Qc2 Na6 13. Bc3 Rc8 14. c5 axb3 15. Qxb3 Rb8 16. Rab1 Ne4 17. Be1 Naxc5 18. dxc5 Nxc5 19. Qc2 Nxd3 20. Qxd3 e5 21. Qc2 Qd7 22. Bb4 Rfc8 23. Bc5 Qe6 24. a4 Bf8 25. a5 Bd6 26. Ba7 Ra8 27. Rxb7 c5 28. Ng5 Qf6 29. Nxf7 Bf8 30. e4 Qa6 31. Rb6 Qxa7 32. Nxe5 Qxa5 33. Qb1 c4 34. exd5 c3 35. Qb3 Qa3 36. Nc6 Qxb3 37. Rxb3 Ra3 38. Rb7 c2 39. Rb2 Rc3 40. Rc1 Rc5 41. Rbxc2 Rxd5 42. Ne7+ Bxe7 43. Rxc8+ Kf7 44. g3 h5 45. h4 Rd6 46. R1c7 Re6 47. Kg2 Kf6 48. Rb7 Kf7 49. Rcc7 Kf6 50. Kf3 Kf7 51. Kf4 Kf6 52. Rxe7 Rxe7 53. Rxe7 Kxe7 54. Ke5 Kf7 55. f4 1-0


[Site "https://www.chess.com"]

[Event "Titled Tuesday Blitz November 30 2021"]
[White "Narayanan.S.L"]
[Black "Lavrov, Maxim"]
[WhiteFideId "5058422"]
[BlackFideId "4166418"]
[WhiteElo "2570"]
[BlackElo "2192"]
[Result "1-0"]
[Round "02"]
[TimeControl "180+1"]
[Date "2021.11.30"]
[WhiteClock "0:01:34"]
[BlackClock "0:01:03"]

1. e4 e5 2. f4 exf4 3. Bc4 d5 4. Bxd5 Nf6 5. Nc3 Nxd5 6. Nxd5 Bd6 7. Nf3 O-O 8. O-O Re8 9. d3 c6 10. Nxf4 Qc7 11. Nh4 Qe7 12. Qh5 g6 13. Qh6 Be5 14. Nf3 Bg7 15. Qg5 Nd7 16. Qg3 Nc5 17. c3 f5 18. e5 Bxe5 19. Nxe5 Qxe5 20. d4 Ne4 21. dxe5 Nxg3 22. hxg3 Rxe5 23. Bd2 Bd7 24. Rae1 Rae8 25. Rxe5 Rxe5 26. Re1 Rxe1+ 27. Bxe1 Kf7 28. Bf2 b6 29. Be3 g5 30. Nd3 1-0


[Site "https://www.chess.com"]

[Event "Titled Tuesday Blitz November 30 2021"]
[White "Onyshchuk, Volodymyr"]
[Black "Petesch, Gabriel"]
[WhiteFideId "14114038"]
[BlackFideId "2032465"]
[WhiteElo "2603"]
[BlackElo "2374"]
[Result "1-0"]
[Round "02"]
[TimeControl "180+1"]
[Date "2021.11.30"]
[WhiteClock "0:00:23"]
[BlackClock "0:00:01"]

1. e4 e5 2. Nf3 Nc6 3. Bc4 Be7 4. d3 Nf6 5. O-O O-O 6. Re1 d6 7. a4 Be6 8. Nbd2 Bxc4 9. dxc4 Nd7 10. Nf1 Nc5 11. Ng3 g6 12. Bh6 Re8 13. Qd2 Ne6 14. Be3 a5 15. b3 Bf8 16. Rad1 Bg7 17. h4 h5 18. Ng5 b6 19. Nf1 Ned4 20. f3 Bf6 21. Bf2 Kg7 22. Ne3 Ne6 23. Nxe6+ fxe6 24. g3 Nd4 25. Kg2 Rf8 26. Qd3 g5 27. hxg5 Bxg5 28. f4 Bh6 29. Nf1 Nc6 30. f5 exf5 31. exf5 Qf6 32. Be3 Qxf5 33. Bxh6+ Kxh6 34. Qd2+ Qg5 35. Qd5 Nd4 36. Rxd4 exd4 37. Re6+ Rf6 38. Rxf6+ Qxf6 39. Qxa8 Qf5 40. Qh8+ Kg6 41. Qe8+ Kh7 42. Qe2 Kh6 43. Nh2 Qc5 44. Nf3 d5 45. Qe6+ 1-0


[Site "https://www.chess.com"]

[Event "Titled Tuesday Blitz November 30 2021"]
[White "Papp, Levente"]
[Black "Lazavik, Denis"]
[WhiteFideId "751243"]
[BlackFideId "13515110"]
[WhiteElo "2308"]
[BlackElo "2436"]
[Result "0-1"]
[Round "02"]
[TimeControl "180+1"]
[Date "2021.11.30"]
[WhiteClock "0:00:13"]
[BlackClock "0:00:43"]

1. c4 e6 2. Nf3 d5 3. g3 Nf6 4. Bg2 dxc4 5. Na3 Bxa3 6. bxa3 O-O 7. O-O Nbd7 8. Qc2 c5 9. Bb2 Qc7 10. Qxc4 b6 11. Rac1 Bb7 12. d3 Rfd8 13. Qh4 Ne8 14. d4 h6 15. dxc5 Nxc5 16. Qg4 Qe7 17. h4 f6 18. h5 e5 19. a4 Qd7 20. Qxd7 Rxd7 21. a5 Nc7 22. Bh3 Rd6 23. Nh4 Rd2 24. Ba3 N7a6 25. Rfd1 Rad8 26. Rxd2 Rxd2 27. axb6 axb6 28. Rb1 Rxa2 29. Bxc5 Nxc5 30. Rxb6 Rxe2 31. Rd6 Re1+ 32. Bf1 Ba6 33. Rxa6 Nxa6 34. Kg2 Nc5 35. Bc4+ Kf8 36. Ng6+ Ke8 37. Bb5+ Kd8 38. Nh4 Rb1 39. Bc4 Rc1 40. Bd5 Ke7 41. Nf5+ Kf8 42. Nh4 Rd1 43. Ng6+ Ke8 44. Bc6+ Kd8 45. Nh4 Ke7 46. Ng6+ Kd6 47. Bb5 Rd2 48. Nh4 Ne4 49. Nf5+ Kc5 50. Be8 Rxf2+ 0-1


[Site "https://www.chess.com"]

[Event "Titled Tuesday Blitz November 30 2021"]
[White "Perez Ponsa, Federico"]
[Black "Ambartsumova, Karina"]
[WhiteFideId "117927"]
[BlackFideId "4166299"]
[WhiteElo "2672"]
[BlackElo "2262"]
[Result "1-0"]
[Round "02"]
[TimeControl "180+1"]
[Date "2021.11.30"]
[WhiteClock "0:00:38"]
[BlackClock "0:00:08"]

1. e4 e5 2. Nf3 Nc6 3. Bc4 Bc5 4. O-O Nf6 5. d3 O-O 6. Nbd2 d5 7. exd5 Nxd5 8. Ne4 Bb6 9. Re1 f6 10. c3 Kh8 11. a4 a5 12. Qb3 Nde7 13. Be3 Bxe3 14. Rxe3 b6 15. Rae1 Bg4 16. Ng3 Nf5 17. Nxf5 Bxf5 18. Nh4 Ne7 19. Nxf5 Nxf5 20. Rf3 Ne7 21. Re4 Qd6 22. h3 f5 23. Re1 Ng6 24. g3 e4 25. dxe4 Ne5 26. Rfe3 fxe4 27. Be2 Nf3+ 28. Bxf3 exf3 29. Qd1 Qf6 30. Re6 Qf5 31. Kh2 h6 32. Qd4 Rad8 33. Rxh6+ Kg8 34. Qc4+ Rf7 35. Rhe6 Rd2 36. Re8+ Kh7 37. Qh4+ Kg6 38. Kg1 Rxf2 39. R8e6+ Rf6 40. Rxf6+ gxf6 41. Kxf2 Qc2+ 42. Kxf3 Qd3+ 43. Kf2 Qc2+ 44. Re2 Qf5+ 45. Kg2 Qd5+ 46. Qe4+ 1-0


[Site "https://www.chess.com"]

[Event "Titled Tuesday Blitz November 30 2021"]
[White "Pranav, V"]
[Black "Shahade, Gregory"]
[WhiteFideId "25060783"]
[BlackFideId "2009064"]
[WhiteElo "2351"]
[BlackElo "2621"]
[Result "0-1"]
[Round "02"]
[TimeControl "180+1"]
[Date "2021.11.30"]
[WhiteClock "0:00:08"]
[BlackClock "0:00:08"]

1. e4 e5 2. Nf3 Nc6 3. Bb5 a6 4. Ba4 Nf6 5. O-O Be7 6. d3 b5 7. Bb3 d6 8. a3 O-O 9. Nc3 Na5 10. Ba2 Be6 11. Bxe6 fxe6 12. b4 Nc6 13. Rb1 Nd4 14. Nxd4 exd4 15. Ne2 c5 16. c3 dxc3 17. Nxc3 cxb4 18. axb4 Qd7 19. h3 Rac8 20. Bd2 Rc6 21. Ne2 Rc7 22. Qb3 d5 23. e5 Ne8 24. Nd4 g6 25. Bh6 Ng7 26. Ra1 Ra8 27. Rfc1 Rxc1+ 28. Rxc1 Nf5 29. Nxf5 gxf5 30. d4 Kh8 31. Rc3 Rg8 32. g3 Qa7 33. Rc6 Qxd4 34. Rxe6 Bxb4 35. Be3 Qe4 36. Rf6 a5 37. e6 d4 38. Bh6 d3 39. e7 Rxg3+ 40. fxg3 Bc5+ 41. Kh2 Qe2+ 42. Kh1 Qf1+ 43. Kh2 Qg1# 0-1


[Site "https://www.chess.com"]

[Event "Titled Tuesday Blitz November 30 2021"]
[White "Prestia, Paris"]
[Black "Martinez Alcantara, Jose Eduardo"]
[WhiteFideId "30925959"]
[BlackFideId "3805662"]
[WhiteElo "2623"]
[BlackElo "2690"]
[Result "0-1"]
[Round "02"]
[TimeControl "180+1"]
[Date "2021.11.30"]
[WhiteClock "0:01:04"]
[BlackClock "0:01:08"]

1. d4 d5 2. c4 dxc4 3. e4 e5 4. Nf3 exd4 5. Bxc4 Nc6 6. O-O Be6 7. Bxe6 fxe6 8. e5 Qd5 9. Re1 O-O-O 10. a3 Nh6 11. Bxh6 gxh6 12. b4 Rg8 13. Nbd2 Be7 14. Qa4 Rdf8 15. Kh1 a6 16. Rab1 Na7 17. Qb3 Rd8 18. Qd3 Nb5 19. a4 Nc3 20. Ra1 Bg5 21. b5 Bxd2 22. Qxd2 Rxg2 23. Kxg2 Rg8+ 24. Kf1 Qxf3 0-1


[Site "https://www.chess.com"]

[Event "Titled Tuesday Blitz November 30 2021"]
[White "Punin, Andrii"]
[Black "Sviridov, Valery"]
[WhiteFideId "14112639"]
[BlackFideId "4120680"]
[WhiteElo "2357"]
[BlackElo "2454"]
[Result "0-1"]
[Round "02"]
[TimeControl "180+1"]
[Date "2021.11.30"]
[WhiteClock "0:00:03"]
[BlackClock "0:01:15"]

1. e4 Nf6 2. e5 Nd5 3. d4 d6 4. Nf3 dxe5 5. Nxe5 c6 6. Be2 Bf5 7. O-O Nd7 8. Nf3 e6 9. c4 N5b6 10. Nc3 Be7 11. Bf4 O-O 12. h3 h6 13. Bd3 Bxd3 14. Qxd3 Nf6 15. Rad1 Re8 16. Rfe1 Nbd7 17. Ne5 Qa5 18. Nxd7 Nxd7 19. d5 cxd5 20. cxd5 Nc5 21. Qb5 Qxb5 22. Nxb5 Rad8 23. Nc7 Rf8 24. Bg3 Bf6 25. dxe6 Nxe6 26. Nxe6 fxe6 27. b3 Kf7 28. Kf1 h5 29. Ke2 Bd4 30. Bf4 Rd5 31. Be3 Bxe3 32. Rxd5 exd5 33. Kxe3 Re8+ 34. Kd2 Rxe1 35. Kxe1 g5 36. Kd2 Ke6 37. Ke3 Ke5 38. Kd3 d4 39. a3 Kd5 40. g3 g4 41. hxg4 hxg4 42. b4 b5 43. Kd2 Ke4 44. Ke2 d3+ 0-1


[Site "https://www.chess.com"]

[Event "Titled Tuesday Blitz November 30 2021"]
[White "Radovic, Janko"]
[Black "Gokerkan, Cem Kaan"]
[WhiteFideId "911518"]
[BlackFideId "6336760"]
[WhiteElo "2293"]
[BlackElo "2382"]
[Result "1-0"]
[Round "02"]
[TimeControl "180+1"]
[Date "2021.11.30"]
[WhiteClock "0:01:04"]
[BlackClock "0:00:39"]

1. Nf3 Nf6 2. c4 g6 3. g3 Bg7 4. Bg2 O-O 5. O-O d6 6. Nc3 e5 7. d3 Re8 8. Rb1 a5 9. a3 e4 10. dxe4 Nxe4 11. Nxe4 Rxe4 12. b3 Bf5 13. Bb2 Bxb2 14. Rxb2 Nc6 15. Nh4 Rxh4 16. gxh4 Qxh4 17. Qd5 Re8 18. e3 Be4 19. Bxe4 Rxe4 20. Kh1 Ne5 21. f4 Qh3 22. Rbf2 Ng4 23. Qxe4 Nxh2 24. Qg2 1-0


[Site "https://www.chess.com"]